Workbook

Sheet Simulateur de primes
J2: TARIFICATION EFFECTIVE AU 1ER MAI 2026
B3: COÛT PAR PÉRIODE DE PAIE
B4: Centres de recherche du CHU de Québec
J5: Contrat no 99030
B8: Compte | D8: CHUL et SFA
B10: Salaire annuel | D10: 50000
B12: Protection
B13: Assurance maladie | D13: Individuelle
B14: Soins dentaires | D14: Individuelle
D18: Tarification par période de paie (Avant l'atteinte du maximum employeur) | H18: Tarification par période de paie (Après l'atteinte du maximum employeur)
D19: Module A | E19: Module B | F19: Module C | H19: Module A | I19: Module B | J19: Module C
B20: Coût de l'employé par paie | D20: =MAX(Taux!$B$48*(1-Taux!$J$53)*12/26,Taux!$B$53*(12/26)) -> 83.919231 | E20: =MAX(Taux!$D$48*(1-Taux!$J$53)*12/26,Taux!$D$53*(12/26)) -> 70.479231 | F20: =MAX(Taux!$F$48*(1-Taux!$J$53)*12/26,Taux!$F$53*(12/26)) -> 65.762308 | H20: =IF(D24=26,0,Taux!$B$48*12/26) -> 167.83846 | I20: =IF(E24=26,0,Taux!$D$48*12/26) -> 0 | J20: =IF(F24=26,0,Taux!$F$48*12/26) -> 0
B21: Coût de l'employeur par paie | D21: =MIN(Taux!$B$48*Taux!$J$53*(12/26),Taux!$B$48*(12/26)-D20) -> 83.919231 | E21: =MIN(Taux!$D$48*Taux!$J$53*(12/26),Taux!$D$48*(12/26)-E20) -> 70.479231 | F21: =MIN(Taux!$F$48*Taux!$J$53*(12/26),Taux!$F$48*(12/26)-F20) -> 65.762308 | H21: =IF(D24=26,0,Taux!$B$48*12/26-H20) -> 0 | I21: =IF(E24=26,0,Taux!$D$48*12/26-I20) -> 0 | J21: =IF(F24=26,0,Taux!$F$48*12/26-J20) -> 0
B22: Coût total par paie | D22: =D21+D20 -> 167.83846 | E22: =E21+E20 -> 140.95846 | F22: =F21+F20 -> 131.52462 | H22: =H21+H20 -> 167.83846 | I22: =I21+I20 -> 0 | J22: =J21+J20 -> 0
B24: Nombre de périodes de paie | D24: =MIN(VLOOKUP($D$8,Contribution!$B$4:$E$7,4,FALSE)/D21,26) -> 23.83244 | E24: =MIN(VLOOKUP($D$8,Contribution!$B$4:$E$7,4,FALSE)/E21,26) -> 26 | F24: =MIN(VLOOKUP($D$8,Contribution!$B$4:$E$7,4,FALSE)/F21,26) -> 26 | H24: =26-D24 -> 2.1675604 | I24: =26-E24 -> 0 | J24: =26-F24 -> 0
B26: Notes :
B27: 1 - La prime pour l'assurance vie facultative, le cas échéant, n'est pas incluse dans le calcul.
B28: =VLOOKUP(D8,Contribution!B4:F7,5,FALSE) -> 2 - La contribution de l'employeur est de 50 % de la prime du module choisi, sujet à un maximum annuel de 2 000 $.
B29: 3 - À noter que l'employé doit payer au minimum la prime de la garantie d'assurance salaire de longue durée.

Sheet Formulaire de choix de module
G2: RÉGIME D'ASSURANCE COLLECTIVE
G3: Choix de modules - Formulaire de réponse
G4: Contrat no 99030
B7: Veuillez s'il vous plaît faire parvenir le présent formulaire par courriel à Info.rh@crchudequebec.ulaval.ca d'ici le 25 avril 2026.
B9: Veuillez consulter le document décrivant le détail des garanties dans chacun des modules ainsi que le calculateur de primes avant de remplir votre formulaire.
B12: MON CHOIX
B15: Nom de l'employé | E15: Matricule | F15: Numéro de certificat pour l'assurance
B17: À compter du 1er mai 2026, je désire avoir le :
B19: Module A | D19: Module B | F19: Module C
B22: Le nouveau module choisi demeurera en vigueur pour une période minimale de 24 mois et ne pourra être modifié qu'à une date de renouvellement du contrat ou suite à un changement de situation familiale.
B24: Je déclare avoir reçu les informations nécessaires me permettant de faire mon choix de module de façon éclairée et je comprends bien les contraintes et limites associées à mon choix précité.
B27: Signature de l'employé | F27: Date

Sheet Résumé des garanties
B2: Résumé des garanties
B4: CONDITIONS GÉNÉRALES
C6: Module A | D6: Module B | E6: Module C
B7: Délai d’admissibilité | C7: Aucun
B8: Condition d’admissibilité | C8: Doit bénéficier d’un contrat de travail d’une durée de 3 mois ou plus
B9: Nombres d’heures minimum par semaine | C9: 20 heures
B11: GARANTIE D’ASSURANCE VIE
B13: Assurance vie de base
C15: Module A | D15: Module B | E15: Module C
B16: Adhérent | C16: 1 x le salaire annuel | D16: 1 x le salaire annuel | E16: 0,5 x le salaire annuel
B17: Réduction :
B18: - Adhérent | C18: 50 % à 65 ans
B19: - Conjoint | C19: 50 % au 65e anniv. de l’adhérent
B20: Maximum avec / sans preuves | C20: 1 000 000 $ / 500 000 $
B21: Personnes à charge :
B22: - Conjoint | C22: 5 000 $ | D22: 5 000 $ | E22: 2 500 $
B23: - Enfant | C23: 2 500 $ | D23: 2 500 $ | E23: 1 000 $
B24: Exonération | C24: Après 6 mois
B25: Terminaison | C25: À la retraite
B27: Assurance décès et mutilation accidentels
C29: Module A | D29: Module B | E29: Module C
B30: Adhérent | C30: Même montant que l’assurance vie de base
B31: Réduction | C31: Idem vie de base
B32: Exonération | C32: Idem vie de base
B33: Terminaison | C33: Idem vie de base
B35: Assurance vie facultative *
C37: Module A | D37: Module B | E37: Module C
B38: Montant d’assurance :
B39: - Adhérent | C39: 1 à 80 tranches de 5 000 $
B40: - Conjoint | C40: 1 à 30 tranches de 5 000 $
B41: Maximum avec preuves :
B42: - Adhérent | C42: 400 000 $
B43: - Conjoint | C43: 150 000 $
B44: Exonération | C44: Après 6 mois
B45: Terminaison | C45: 70 ans ou retraite
B46: * Sujet à des preuves d'assurabilité.
B48: GARANTIE D’ASSURANCE MALADIE
C50: Module A | D50: Module B | E50: Module C
B52: Frais exempts de franchise et remboursés à 100 %
B54: Hospitalisation | C54: Chambre semi-privée
B55: Assurance voyage | C55: Moins de 6 mois
B56: Maximum | C56: 5 000 000 $
B57: Annulation voyage | C57: 5 000 $ par assuré par voyage
B59: Médicaments
B61: Franchise | C61: 5 $ par prescription
B62: Médicaments | C62: Liste régulière
B63: Coassurance | C63: 80 % jusqu’à concurrence du maximum RAMQ et 100 % par la suite | D63: 75 % jusqu’à concurrence du maximum RAMQ et 100 % par la suite | E63: 70 % jusqu’à concurrence du maximum RAMQ et 100 % par la suite
B64: Carte de paiement | C64: Direct
B65: Substitution générique obligatoire | C65: Oui
B66: Adhérents de 65 ans et + | C66: Surprime
B68: Autres frais admissibles
B70: Franchise annuelle :
B71: - Individuelle | C71: 0 | D71: 25 | E71: 50
B72: - Familiale, monoparentale ou couple | C72: 0 | D72: 50 | E72: 100
B73: Coassurance | C73: 0.8 | D73: 0.75 | E73: 0.7
B74: Maison de convalescence | C74: Chambre semi-privée, max. 180 jours par année civile
B75: Honoraires d’infirmiers | C75: 10 000 $ / année civile | D75: 5 000 $ / année civile | E75: 3 000 $ / année civile
B76: Cure de désintoxication | C76: 80 $ admissibles / jour et 2 500 $ viager pour une seule cure | D76: 80 $ admissibles / jour et 2 500 $ viager pour une seule cure | E76: Non couvert
B77: Examen de la vue | C77: Non couvert
B79: Professionnels de la santé
B81: Kinésithérapeute | C81: 60 $ admissible par visite sauf : * 80$ par visite ** sans max. par visite ET Maximum de 1 000 $ par année civile pour l'ensemble de ces spécialistes | D81: 60 $ admissible par visite sauf : * 80$ par visite ** sans max. par visite ET Maximum de 600 $ par année civile pour l'ensemble de ces spécialistes | E81: Non couvert
B82: Diététiste
B83: Homéopathe
B84: Acupuncteur | E84: 60 $ admissible par visite, maximum de 500 $ par année civile pour l’ensemble de ces spécialistes
B85: Chiropracticien
B86: Naturopathe
B87: Podiatre
B88: Audiologiste *
B89: Ergothérapeute *
B90: Orthophoniste *
B91: Ostéopathe
B92: Physiothérapeute, thérapeute en réadaptation physique et physiatre**
B93: Psychologue, travailleur social, psychothérapeute et psychiatre | C93: Maximum de 500 $ par année civile pour l’ensemble de ces spécialistes | D93: Maximum de 300 $ par année civile pour l’ensemble de ces spécialistes
B94: Technique d’imagerie (chiro) | C94: 50 $ par année civile
B96: Autres dispositions
B98: Exonération | C98: Après 6 mois
B99: Terminaison | C99: 70 ans ou retraite
B101: GARANTIE D’ASSURANCE SOINS DENTAIRES
C103: Module A | D103: Module B | E103: Module C
B104: Franchise annuelle | C104: Aucune | D104: Non couvert | E104: Non couvert
B105: Coassurance :
B106: - Soins préventifs | C106: 0.8
B107: - Restauration de base et majeure (endodontie et parodontie) | C107: 0.8
B108: - Restauration complexe (couronnes et prothèses) | C108: 0.5
B109: Examen de rappel | C109: 1 examen par 9 mois
B110: Cédule de paiement | C110: Année courante
B111: Maximum de remboursement | C111: 1 000 $ par année civile
B112: Remboursement | C112: Transfert électronique
B113: Exonération | C113: Après 6 mois
B114: Terminaison | C114: 70 ans ou retraite
B116: GARANTIE D’ASSURANCE SALAIRE DE COURTE DURÉE
C118: Module A | D118: Module B | E118: Module C
B119: Délai de carence :
B120: - Maladie | C120: 7 jours
B121: - Hospitalisation | C121: 0 jour
B122: - Accident | C122: 0 jour
B123: Période de prestations | C123: 26 semaines
B124: % de prestations | C124: 75 % du salaire hebdomadaire brut
B125: Maximum avec / sans preuves | C125: 2 500 $ / 1 500 $
B126: Imposition des prestations | C126: Imposables
...

Sheet Taux
E1: Masquer l'onglet avant transmission au client et remettre le mdp
A2: Informations
A3: Salaire annuel | B3: ='Simulateur de primes'!D10 -> 50000
A4: Salaire mensuel | B4: =ROUNDUP(B3/12,0) -> 4167
A5: Protection maladie | B5: ='Simulateur de primes'!D13 -> Individuelle
A6: Protection soins dentaires | B6: ='Simulateur de primes'!D14 -> Individuelle
A8: Taux 2023 | I8: Volumes
B9: Module A | D9: Module B | F9: Module C | J9: Volume (Module A & B) | K9: Volume (Module C)
A11: Assurance vie | B11: 0.173 | D11: =B11 -> 0.173 | F11: =B11 -> 0.173 | I11: Assurance vie | J11: =ROUNDUP(B3,-3) -> 50000 | K11: =ROUNDUP(B3*0.5,-3) -> 25000 | L11: Le résultat étant arrondi au 1 000 $ suivant, s’il ne s’agit pas déjà d’un multiple de 1 000 $
A12: DMA | B12: 0.03 | D12: 0.03 | F12: 0.03 | I12: DMA | J12: =J11 -> 50000 | K12: =K11 -> 25000 | L12: Le résultat étant arrondi au 1 000 $ suivant, s’il ne s’agit pas déjà d’un multiple de 1 000 $
A13: Longue | B13: 2.719 | D13: =B13 -> 2.719 | F13: =B13 -> 2.719 | I13: Longue | J13: =ROUNDUP(MIN(IF(B4<2500,0.6667*B4,0.6667*2500+0.5*(B4-2500)),10000),0) -> 2501 | L13: Le résultat étant arrondi au dollar suivant, s’il ne s’agit pas déjà d’un multiple de 1 $.
A14: Courte | B14: 0.854 | D14: =B14 -> 0.854 | F14: =B14 -> 0.854 | I14: Courte | J14: =MIN(ROUNDUP((B3/52*0.75),0),1500) -> 722 | L14: Le résultat étant arrondi au dollar suivant, s’il ne s’agit pas déjà d’un multiple de 1 $.
A15: PAC | B15: 1.69 | D15: =B15 -> 1.69 | F15: 0.77
A16: Maladie
A17: Individuelle | B17: 156.4 | D17: 140.38 | F17: 126.7
A18: Familiale | B18: 445.99 | D18: 400.51 | F18: 361.66
A19: Monoparentale/Couple | B19: 323.06 | D19: 290.31 | F19: 262.39
A20: Exempté | B20: 0 | D20: 0 | F20: 0
A21: Dentaires
A22: Individuelle | B22: 37.41
A23: Familiale | B23: 86.06
A24: Monoparentale/Couple | B24: 74.79
A25: Exempté | B25: 0
A27: Coût par garantie
B28: Module A | D28: Module B | F28: Module C
A30: Assurance vie | B30: =ROUND(B11*$J$11/1000,2) -> 8.65 | D30: =ROUND(D11*$J$11/1000,2) -> 8.65 | F30: =ROUND(F11*$K$11/1000,2) -> 4.33 | H30: =B30*12 -> 103.8
A31: DMA | B31: =ROUND(B12*$J$11/1000,2) -> 1.5 | D31: =ROUND(D12*$J$11/1000,2) -> 1.5 | F31: =ROUND(F12*$K$11/1000,2) -> 0.75 | H31: =B31*12 -> 18
A32: Longue | B32: =ROUND((J13/100)*B13,2) -> 68 | D32: =B32 -> 68 | F32: =B32 -> 68 | H32: =B32*12 -> 816
A33: Courte | B33: =ROUND((J14/10)*B14,2) -> 61.66 | D33: =B33 -> 61.66 | F33: =B33 -> 61.66 | H33: =B33*12 -> 739.92
A34: PAC | B34: =IF($B$5="individuelle",0,B15) -> 0 | D34: =IF($B$5="individuelle",0,D15) -> 0 | F34: =IF($B$5="individuelle",0,F15) -> 0 | H34: =B34*12 -> 0
A35: Maladie | B35: =VLOOKUP($B$5,$A$17:$G$20,COLUMN(),FALSE) -> 156.4 | D35: =VLOOKUP($B$5,$A$17:$G$20,COLUMN(),FALSE) -> 140.38 | F35: =VLOOKUP($B$5,$A$17:$G$20,COLUMN(),FALSE) -> 126.7 | H35: =B35*12 -> 1876.8
A36: Dentaire | B36: =VLOOKUP($B$6,$A$22:$G$25,COLUMN(),FALSE) -> 37.41 | D36: 0 | F36: 0 | H36: =B36*12 -> 448.92
H37: =SUM(B30:B36)*1.09*12 -> 4363.7496
A38: Coût selon le système de paie
B39: Module A | D39: Module B | F39: Module C
A41: Base | B41: =B35 -> 156.4 | D41: =D35 -> 140.38 | F41: =F35 -> 126.7
A42: Option 1 | B42: =B36 -> 37.41 | D42: =D36 -> 0 | F42: =F36 -> 0
A43: Option 2 | B43: =B30+B31+B34 -> 10.15 | D43: =D30+D31+D34 -> 10.15 | F43: =F30+F31+F34 -> 5.08
A44: Option 3 | B44: =B33 -> 61.66 | D44: =D33 -> 61.66 | F44: =F33 -> 61.66
A45: Option 4 | B45: =B32 -> 68 | D45: =D32 -> 68 | F45: =F32 -> 68
A46: Option 5
A47: Taxe | B47: =ROUND(0.09*SUM(B41:B46),2) -> 30.03 | D47: =ROUND(0.09*SUM(D41:D46),2) -> 25.22 | F47: =ROUND(0.09*SUM(F41:F46),2) -> 23.53
A48: Total : | B48: =SUM(B41:B47) -> 363.65 | D48: =SUM(D41:D47) -> 305.41 | F48: =SUM(F41:F47) -> 284.97
A50: Contributions
B51: Module A | D51: Module B | F51: Module C | I51: Catégories | J51: Contribution | K51: Module | L51: Maximum
B52: Employé | C52: Employeur | D52: Employé | E52: Employeur | F52: Employé | G52: Employeur
A53: Minimale employé (mensuelle) | B53: =B32*1.09 -> 74.12 | D53: =D32*1.09 -> 74.12 | F53: =F32*1.09 -> 74.12 | H53: =F53*12 -> 889.44 | I53: ='Simulateur de primes'!D8 -> CHUL et SFA | J53: =VLOOKUP($I$53,Contribution!$B$4:$E$7,2,FALSE) -> 0.5 | K53: =VLOOKUP($I$53,Contribution!$B$4:$E$7,3,FALSE) -> choisi | L53: =VLOOKUP($I$53,Contribution!$B$4:$E$7,4,FALSE)/12 -> 166.66667
A54: Contribution mensuelle | B54: =B48-C54 -> 196.98333 | C54: =IF($K$53="A",MIN($J$53*$B$48,$L$53),IF($K$53="B",MIN($J$53*$D$48,$L$53),IF($K$53="C",MIN($J$53*$F$48,$L$53),IF($K$53="choisi",MIN($J$53*B48,$L$53),"Erreur du module")))) -> 166.66667 | D54: =D48-E54 -> 152.705 | E54: =IF($K$53="A",MIN($J$53*$B$48,$L$53),IF($K$53="B",MIN($J$53*$D$48,$L$53),IF($K$53="C",MIN($J$53*$F$48,$L$53),IF($K$53="choisi",MIN($J$53*D48,$L$53),"Erreur du module")))) -> 152.705 | F54: =F48-G54 -> 142.485 | G54: =IF($K$53="A",MIN($J$53*$B$48,$L$53),IF($K$53="B",MIN($J$53*$D$48,$L$53),IF($K$53="C",MIN($J$53*$F$48,$L$53),IF($K$53="choisi",MIN($J$53*F48,$L$53),"Erreur du module")))) -> 142.485 | H54: =F54*12 -> 1709.82
A55: Condition d'assurance salaire | B55: =MAX(B32*1.09,B54) -> 196.98333 | C55: =B48-B55 -> 166.66667 | D55: =MAX(D32*1.09,D54) -> 152.705 | E55: =D48-D55 -> 152.705 | F55: =MAX(F32*1.09,F54) -> 142.485 | G55: =F48-F55 -> 142.485 | H55: =F55*12 -> 1709.82
A57: Contribution par paie | B57: =ROUND((B55*12)/26,2) -> 90.92 | C57: =ROUND((C55*12)/26,2) -> 76.92 | D57: =ROUND((D55*12)/26,2) -> 70.48 | E57: =ROUND((E55*12)/26,2) -> 70.48 | F57: =ROUND((F55*12)/26,2) -> 65.76 | G57: =ROUND((G55*12)/26,2) -> 65.76

Sheet Contribution
B3: Catégories | C3: Contribution | D3: Module | E3: Maximum | F3: Texte
B4: CHUL et SFA | C4: 0.5 | D4: choisi | E4: 2000 | F4: 2 - La contribution de l'employeur est de 50 % de la prime du module choisi, sujet à un maximum annuel de 2 000 $.
B5: HDQ syndiqués | C5: 0.6 | D5: choisi | E5: 2000 | F5: 2 - La contribution de l'employeur est de 60 % de la prime du module choisi, sujet à un maximum annuel de 2 000 $.
B6: HDQ non syndiqués | C6: 0.5 | D6: choisi | E6: 2000 | F6: 2 - La contribution de l'employeur est de 50 % de la prime du module choisi, sujet à un maximum annuel de 2 000 $.
B7: HEJ et HSS | C7: 0.5 | D7: choisi | E7: 2000 | F7: 2 - La contribution de l'employeur est de 50 % de la prime du module choisi, sujet à un maximum annuel de 2 000 $.
